TKirby, neutral female human Priestess ----- ##%########################-^..| # |.>.| ### |...| # |...| ----------- --------------- ### ------------- |...-#####|[........| |.............| # |*.........*| |...| #-.........| |.....<........############ |....%[.....| -.-.- |.........| |.............| # # |..[-.---...| # # #..........| |..............## ##-...|.{.|....f # #----------- --------------- |..*|{.{|*..|@ # # |...|.{.|...|o # ### |...-----...|) # |.....*..[..|# ### |*.........*|#### # # -----------.-# # --.-.-### ### ###|.%..|# #......# ------ TKirby the Adept Experience level: 6 Strength: 12 Dexterity: 16 Constitution: 16 Intelligence: 8 Wisdom: 16 Charisma: 10 Health: 0(53) Energy: 4(77) Def: 3 Gold: 302 Moves: 3403 Dungeon seed: 9JUq04SgzDrFzNCM Game ID: TKirby_1506969021 Your Inventory: Coins $ - 302 gold pieces Weapons a - a blessed +1 mace (weapon in hand) o - a +0 crossbow s - the +0 Sting (alternate weapon; not wielded) H - 18 +0 arrows Armor e - a +0 robe (being worn) n - a +0 small shield (being worn) Comestibles c - a clove of garlic d - a sprig of wolfsbane Scrolls w - a scroll of teleportation D - a scroll of genocide J - 2 scrolls of identify L - a blessed scroll of stinking cloud O - 3 scrolls of blank paper P - a blessed scroll of blank paper Spellbooks f - a spellbook of protection g - a spellbook of remove curse G - a spellbook of force bolt Potions b - 3 potions of holy water A - a blessed potion of levitation B - a potion of oil C - a potion of restore ability T - a potion of confusion U - 2 potions of water Tools h - a leash q - a stethoscope r - a skeleton key u - a towel K - a magic whistle V - 7 tallow candles (0:200) Gems y - a worthless piece of red glass N - 2 worthless pieces of yellowish brown glass Y - a worthless piece of white glass Spells and supernatural/magical abilities: Name Level Category Fail Memory a - force bolt 1 attack 0% 94% p - protection 1 clerical 0% 83% r - remove curse 3 clerical 0% 83% W - pray for help -- divine ? -- X - turn undead -- divine ? -- Your skills at the end: Fighting Skills Weapon Skills mace [Basic] Spellcasting Skills clerical spells [Basic] Final Attributes: You were piously aligned. You were telepathic. You are dead. Vanquished creatures: a small mimic a dwarf mummy a gnome mummy a bugbear 2 Uruk-hai a rock mole a fog cloud a shrieker a gnome lord a gnomish wizard a kobold mummy a golden naga hatchling a paper golem 3 floating eyes a kobold lord 4 rothes an orc zombie 2 dwarf zombies a werejackal 2 iguanas 2 acid blobs a hobbit 2 hobgoblins a giant rat a yellow mold a green mold 2 garter snakes 5 geckos 5 jackals 2 foxes 2 kobolds a goblin 4 sewer rats 5 grid bugs a bat 5 lichens 8 newts 76 creatures vanquished. Voluntary challenges: You had been an atheist until turn 2915. You used a wielded weapon 77 times, starting on turn 143. You read items or engraved 3 times, starting on turn 1295. You never genocided any monsters. You never polymorphed an object. You never changed form. You used no wishes. You never split a pudding. You never wrote Elbereth's name. You never violated your personal moral code. Dungeon overview: The Dungeons of Doom: levels 1 to 6 Level 1 many fountains, a sink a long staircase Level 2 a long staircase Level 3 a general store Level 4 some fountains Level 5 a general store, a fountain Level 6 <- You were here many fountains History has recorded: On T:1 you entered the Dungeons of Doom to retrieve the Amulet of Yendor! On T:544 you reached level 2 of The Dungeons of Doom. On T:734 you advanced to experience level 2. On T:873 you advanced to experience level 3. On T:1027 you reached level 3 of The Dungeons of Doom. On T:1588 you reached level 4 of The Dungeons of Doom. On T:2062 you reached level 5 of The Dungeons of Doom. On T:2161 you advanced to experience level 4. On T:2567 you advanced to experience level 5. On T:2817 you reached level 6 of The Dungeons of Doom. On T:3170 you advanced to experience level 6. Score breakdown: Gold: 302 ( 8441 points) Experience: 6 levels (12456 points) Exploration: 6 levels ( 13.04%) (10000 points) Discoveries: 7 items ( 2.36%) ( 4605 points) Valuables value: (no points given unless you survive) Artifact value: 800 ( 9877 points) Variety of kills: 37 monsters ( 9.71%) ( 9348 points) Turncount: 3403 turns ( -786 points) Survival: died (score multiplied by 80%) Total score: 43152 Latest messages: You see here a werejackal corpse. You hear some noises in the distance. Maple bites the dwarf zombie. The dwarf zombie misses maple. You stop exploring. Maple bites the dwarf zombie. The dwarf zombie is destroyed! You stop exploring. The Uruk-hai hits! The crossbow bolt hits it. You miss the Uruk-hai. The Uruk-hai hits! The crossbow bolt misses the Uruk-hai. The crossbow bolt hits the Uruk-hai. The Uruk-hai hits! The crossbow bolt misses the Uruk-hai. The crossbow bolt hits the Uruk-hai. The Uruk-hai hits! You die... Final status: Goodbye TKirby the Priestess, killed by an Uruk-hai... You died in The Dungeons of Doom on dungeon level 6 with 43152 points, and 302 pieces of gold, after 3403 moves. You were level 6 with a maximum of 53 hit points when you died.